Match 45166390
Unlisted

Match 45166390
End
Vickers Machine Gun Team
Construct Section Command Post
Vickers Machine Gun Team
ML 3-inch Mortar Team
Royal Engineer Section
Construct Field Infirmary
Selects Canadian Shock Battlegroup
Selects Burnout
Infantry Section
Infantry Section
Construct Platoon Command Post
Unlock M3 Stuart Light Tanks
M3 Stuart Light Tank
Infantry Section
Grenade Package
6-pounder Anti-tank Gun Team
Selects Pyrotechnics
DarkRun
anioki
TheBananaEffect
hmkz
DuonNari
realnoob
ajmaster677
Hyob
0
0

Comments sign in to comment!

No comments posted yet!